 Dungeon Crawl Stone Soup version 0.17-a0-2115-g0d8b93e (webtiles) character file.

1174 Ordine the Cruncher (level 8, 62/62 HPs)
             Began as a Minotaur Gladiator on Oct 20, 2015.
             Was a Follower of Dithmenos.
             Quit the game on level 5 of the Dungeon.
             The game lasted 00:18:16 (3484 turns).

Ordine the Cruncher (Minotaur Gladiator)            Turns: 3484, Time: 00:18:17

Health: 62/62      AC:  9    Str: 20    XL:     8   Next: 18%
Magic:  7/7        EV:  8    Int:  5    God:    Dithmenos [*.....]
Gold:   293        SH:  0    Dex: 13    Spells: 0 memorised, 7 levels left

rFire  . . .     SeeInvis +     a - +0 quarterstaff
rCold  . . .     Clarity  .     p - +0 chain mail
rNeg   . . .     SustAt   .     (no shield)
rPois  +         Gourm    .     c - +0 hat
rElec  .         Spirit   .     (no cloak)
rCorr  .         Warding  .     k - +0 pair of gloves
rMut   .         Stasis   .     (no boots)
MR     .....                    (no amulet)
Stlth  ..........               m - ring of see invisible
                                s - ring of poison resistance

@: wreathed by umbra, not resistant to hostile enchantments, extremely
unstealthy
A: retaliatory headbutt, horns 2
a: Renounce Religion


You were on level 5 of the Dungeon.
You worshipped Dithmenos.
Dithmenos was aware of your devotion.
You were not hungry.

You visited 2 branches of the dungeon, and saw 6 of its levels.

You collected 293 gold pieces.

Inventory:

Hand Weapons
 a - a +0 quarterstaff (weapon)
Missiles
 d - 3 throwing nets (quivered)
Armour
 c - a +0 hat (worn)
 k - a +0 pair of gloves (worn)
 p - a +0 chain mail (worn)
Jewellery
 m - a ring of see invisible (right hand)
 s - a ring of poison resistance (left hand)
Wands
 r - a wand of digging (13)
Scrolls
 l - a scroll of fear
 q - 3 scrolls of remove curse
Potions
 j - 4 potions of curing
 n - a potion of might {unknown}
Comestibles
 b - 2 slices of pizza
 e - 3 bread rations
 f - a beef jerky
 g - 13 fruits
 h - 2 chunks of flesh
 i - 2 meat rations


   Skills:
 - Level 2.4 Fighting
 + Level 11.9 Staves
 - Level 2.0 Throwing
 - Level 3.2 Dodging


You had 7 spell levels left.
You didn't know any spells.

Dungeon Overview and Level Annotations

Branches:
Dungeon (5/15)             Temple (1/1) D:4

Altars:
Ashenzari
Cheibriados
Dithmenos
Gozag
Kikubaaqudgha
Makhleb
Nemelex Xobeh
Qazlal
Sif Muna
Vehumet
Xom
Yredelemnul
The Shining One
Lugonu

Shops:
D:5 (


Innate Abilities, Weirdness & Mutations

You reflexively headbutt those who attack you in melee.
You have a pair of horns on your head.


Message History

You destroy the killer bee zombie!
Dithmenos accepts your kill.
No target in view!
No target in view!
Found 24 stones.
You open the door.
There is an open door here.
You now have 293 gold pieces (gained 11).
You open the door.
There is an open door here.
You open the door.
There is an open door here.
There is an open door here.
You open the door.
There is an open door here.
You open the door.
There is an open door here.
You open the door.
Found an ancient bone altar of Kikubaaqudgha and a stormy altar of Qazlal.
Are you sure you want to abandon this character and quit the game? (Confirm with "yes".)

..#.......................##.....
####...####...............####+##
.###..## ####.......##....##.....
.#...#####8###......####+###.....
.#...#...#_§≈##...........#......
.+......##..§≈##..........#......
.#....####...≈≈#..........#......
.###.## 8_....'..........#......
......### #@.....)...'......
........# ##..........#......
.....#...# ##..##+#####'##.....
.....##### ##.............#.....
......## ###..............#.....
#+###..####........(.......+.....
#...#......................#.....
#...#.......#..............#.....
#...#.......#..............#.....


There were no monsters in sight!

Vanquished Creatures
  The ghost of Vergil the Firebug, an amateur DrFE (D:5)
  An ogre (D:5)
  A phantom (D:4)
  2 scorpions
  The ghost of Gargoyl the Skirmisher, a weakling DsAK of Lugonu (D:3)
  4 orc priests
  A crimson imp (D:5)
  5 orc wizards
  2 hounds (D:4)
  Terence (D:3)
  3 worker ants
  A killer bee zombie (D:5)
  A gnoll (D:1)
  4 adders
  2 oozes (D:1)
  4 worms
  23 orcs
  3 giant cockroaches
  7 hobgoblins
  2 jackals (D:4)
  4 kobolds
  A quokka (D:5)
  7 bats
  5 giant geckos
  A giant gecko zombie (D:5)
  9 giant newts
  6 goblins
  8 rats
110 creatures vanquished.

Notes
Turn   | Place    | Note
--------------------------------------------------------------
     0 | D:1      | Ordine the Minotaur Gladiator began the quest for the Orb.
     0 | D:1      | Reached XP level 1. HP: 18/18 MP: 0/0
   105 | D:1      | Reached skill level 4 in Staves
   124 | D:1      | Reached XP level 2. HP: 22/25 MP: 1/1
   321 | D:1      | Reached skill level 5 in Staves
   377 | D:1      | Reached XP level 3. HP: 25/30 MP: 2/2
  1453 | D:3      | Noticed Gargoyl's ghost (weakling DsAK)
  1462 | D:3      | Killed Gargoyl's ghost
  1462 | D:3      | Reached skill level 6 in Staves
  1462 | D:3      | Reached XP level 4. HP: 37/37 MP: 3/3
  1518 | D:2      | Found a glowing golden altar of the Shining One.
  1537 | D:3      | Reached skill level 7 in Staves
  1537 | D:3      | Reached XP level 5. HP: 39/42 MP: 4/4
  1553 | D:3      | Noticed Terence
  1559 | D:3      | Killed Terence
  1749 | D:3      | Reached skill level 8 in Staves
  1795 | D:3      | Found a basalt altar of Yredelemnul.
  1914 | D:3      | Reached XP level 6. HP: 23/50 MP: 5/5
  2220 | D:4      | Found a staircase to the Ecumenical Temple.
  2237 | Temple   | Entered the Ecumenical Temple
  2295 | Temple   | Became a worshipper of Dithmenos the Shadowed
  2441 | D:4      | Reached skill level 9 in Staves
  2491 | D:4      | Reached XP level 7. HP: 38/56 MP: 6/6
  2647 | D:4      | Reached skill level 10 in Staves
  3026 | D:5      | Entered Level 5 of the Dungeon
  3065 | D:5      | Noticed Vergil's ghost (amateur DrFE)
  3076 | D:5      | Reached skill level 11 in Staves
  3102 | D:5      | Killed Vergil's ghost
  3102 | D:5      | Reached XP level 8. HP: 58/62 MP: 7/7
  3344 | D:5      | Found Oni Nolaty's Antique Weapon Emporium.
  3424 | D:5      | Reached * piety under Dithmenos
  3483 | D:5      | Found an ancient bone altar of Kikubaaqudgha.
  3483 | D:5      | Found a stormy altar of Qazlal.
  3484 | D:5      | Quit the game

Vault maps used:
D:1:      scummos_arrival_simple_fountains
D:2:      lemuel_upstairs_altar
D:3:      old_standard_altar, first_bread, uniq_terence
D:4:      minmay_temple_entry_glass
D:5:      gammafunk_temple_overflow_claw, serial_shops, nicolae_shop_stone
Temple:   corrupted_temple

Action                   |  1- 3 |  4- 6 |  7- 9 || total
-------------------------+-------+-------+-------++-------
Melee: Quarterstaff      |    60 |   148 |    91 ||   299
  Use: Scroll            |     6 |     3 |     2 ||    11
       Potion            |       |     2 |     5 ||     7
  Eat: Chunk             |     2 |     3 |     3 ||     8
